 Dungeon Crawl Stone Soup version 0.28-a0-969-g2dcde036d2 (webtiles) character file.

Game seed: 58892516899993453

79 EnegeticOcto the Poker (level 4, -6/33 HPs)
             Began as a Merfolk Warper on Dec 1, 2021.
             Was a Follower of Trog.
             Mangled by a gnoll (7 damage)
             ... on level 2 of the Dungeon.
             The game lasted 00:03:23 (1494 turns).

EnegeticOcto the Poker (Merfolk Warper)             Turns: 1494, Time: 00:03:24

Health: -6/33      AC:  4    Str: 13    XL:     4   Next: 38%
Magic:  7/7        EV: 12    Int: 12    God:    Trog [*.....]
Gold:   73         SH:  0    Dex: 13    Spells: 7/7 levels left

rFire   . . .      SeeInvis .   a - +0 spear
rCold   . . .      Faith    .   (no shield)
rNeg    . . .      Spirit   .   b - +0 leather armour
rPois   .          Reflect  .   h - +0 helmet
rElec   .          Harm     .   (no cloak)
rCorr   .          Rampage  .   (no gloves)
Will    .....                   (no boots)
Stlth   ++........              (no amulet)
HPRegen 0.11/turn               (no ring)
MPRegen 0.10/turn               (no ring)

@: on berserk cooldown, slowed, very slow
A: (nimble swimmer 2), mertail
a: Renounce Religion, Berserk


You were on level 2 of the Dungeon.
You worshipped Trog.
Trog was aware of your devotion.
You visited 1 branch of the dungeon, and saw 2 of its levels.

You collected 73 gold pieces.

Inventory:

Hand Weapons
 a - a +0 spear (weapon)
 f - a +0 short sword
   (You took it off a kobold on level 1 of the Dungeon)
Missiles
 d - 5 boomerangs of dispersal
 g - 23 stones (quivered)
Armour
 b - a +0 leather armour (worn)
 h - a +0 helmet (worn)
   (You found it on level 1 of the Dungeon)
Scrolls
 j - a scroll of fog {unknown}
 k - a scroll of brand weapon {unknown}
 l - a scroll of amnesia {unknown}
 m - a scroll of identify {unknown}


   Skills:
 - Level 2.1 Fighting
 + Level 5.3 Polearms
 - Level 1.0 Throwing
 - Level 0.6 Armour
 - Level 2.6 Dodging
 - Level 3.0 Stealth
 - Level 2.0 Spellcasting
 - Level 2.4 Translocations


You had 7 spell levels left.
You didn't know any spells.
Your spell library contained the following spells:

 Spells                   Type           Power      Damage    Failure   Level
 Blink                    Tloc           12%        N/A       21%         2
 Gell's Gravitas          Tloc           6%         N/A       36%         3
 Lesser Beckoning         Tloc           6%         N/A       36%         3
 Teleport Other           Tloc           6%         N/A       36%         3
 Manifold Assault         Tloc           6%         N/A       98%         5


Dungeon Overview and Level Annotations

Branches:
Dungeon (2/15)

Altars:
Trog


Innate Abilities, Weirdness & Mutations

((You are quick and stealthy near water. (Stealth+, EV+, Speed+++)))
Your lower body shifts to a powerful aquatic tail in water.


Message History

Trog accepts your kill.
You feel yourself speed up.
You start resting.
You recover from your berserk rage.
You start resting.
HP restored.
There is a stone staircase leading down here.
You see here a hobgoblin corpse.
Found a stone staircase leading up.
g - 25 stones (gained 1)
g - 26 stones (gained 1)
g - 27 stones (gained 1)
There is a stone staircase leading up here.
You now have 73 gold pieces (gained 8).
A gnoll is nearby!
Throw: 27 stones
Press: ? - help, Q - select action, (/) - cycle Shift-Dir - straight line, f - gnoll
Aim: a gnoll, wielding a +0 club (wandering, hasn't noticed you, 61% to hit)
You throw a stone. The gnoll shouts!
The stone hits the gnoll but does no damage.
Throw: 26 stones
Press: ? - help, Q - select action, (/) - cycle Shift-Dir - straight line, f/p - gnoll
Aim: a gnoll, wielding a +0 club (61% to hit)
You throw a stone. The stone closely misses the gnoll.
Throw: 25 stones
Press: ? - help, Q - select action, (/) - cycle Shift-Dir - straight line, f/p - gnoll
Aim: a gnoll, wielding a +0 club (61% to hit)
You throw a stone.
The stone hits the gnoll but does no damage.
Throw: 24 stones
Press: ? - help, Q - select action, (/) - cycle Shift-Dir - straight line, f/p - gnoll
Aim: a gnoll, wielding a +0 club (61% to hit)
You throw a stone. The stone barely misses the gnoll.
You reach to attack!
You barely miss the gnoll. You barely miss the gnoll.
The gnoll hits you with a +0 club.
The gnoll shouts! x2
You hit the gnoll but do no damage. The gnoll hits you with a +0 club.
You closely miss the gnoll. The gnoll hits you with a +0 club.
Okay, then.
A red film seems to cover your vision as you go berserk!
You feel yourself moving faster!
You feel mighty!
You feel a strong urge to attack something.
You closely miss the gnoll. The gnoll barely misses you.
The gnoll closely misses you.
You puncture the gnoll!
The gnoll is almost dead.
The gnoll hits you with a +0 club.
You puncture the gnoll!
You kill the gnoll!
Trog accepts your kill.
The gnoll hits you from afar with a +0 spear.
Your Polearms skill increases to level 5!
Reach: a) +0 spear
Press: ? - help, Dir - move target, f - gnoll
Aim: a gnoll, wielding a +0 spear (about 34% to evade your +0 spear)
You reach to attack!
You barely miss the gnoll.
The gnoll hits you from afar with a +0 spear.
Reach: a) +0 spear
Press: ? - help, Dir - move target, f/p - gnoll
Aim: a gnoll, wielding a +0 spear (about 34% to evade your +0 spear)
You reach to attack!
You closely miss the gnoll.
The gnoll hits you from afar with a +0 spear!
* * * LOW HITPOINT WARNING * * *
The gnoll hits you but does no damage.
You see here a +0 club.
Reach: a) +0 spear
Press: ? - help, Dir - move target, f/p - gnoll
Aim: a gnoll, wielding a +0 spear (about 34% to evade your +0 spear)
You reach to attack!
You hit the gnoll.
The gnoll is moderately wounded.
Reach: a) +0 spear
Press: ? - help, Dir - move target, f/p - gnoll
Aim: a gnoll, wielding a +0 spear (moderately wounded, about 34% to evade your +0 spear)
You reach to attack!
You puncture the gnoll!
You kill the gnoll!
Trog accepts your kill.
You are no longer berserk.
You are exhausted.
You feel yourself slow down. The gnoll closely misses you.
You see here a +0 club.
Reach: a) +0 spear
Press: ? - help, Dir - move target, f - gnoll
Aim: a gnoll, wielding a +0 spear (about 34% to evade your +0 spear)
You reach to attack!
You hit the gnoll but do no damage. The gnoll barely misses you.
Reach: a) +0 spear
Press: ? - help, Dir - move target, f/p - gnoll
Aim: a gnoll, wielding a +0 spear (about 34% to evade your +0 spear)
You reach to attack!
You hit the gnoll.
The gnoll is lightly wounded.
The gnoll hits you from afar with a +0 spear!
* * * LOW HITPOINT WARNING * * *
You see here a +0 club.
You aren't carrying any potions.
Unknown command.
Okay, then.
The gnoll hits you from afar with a +0 spear!
You die...

..#÷........##.....#.# #
#..÷###..#####.###.#.#####
# ##..# #...####.#
#.#.....# #
#..####....##.#
#..####.###### #
##.......##....#
##<.###......# #
...>####.....^.#
##...######.###
..)..##........##
###...####....
..#..÷..........##
###...######
..##.÷..........@###
###.)###..
..##.#..((.........##
##.)##..
..##.#..........##g.#
##.....
..##.#.....(..(.g...#
###...
..##.#..........#####
#..... ..##.#..........#
#...#... ..##.#....>.....#
#.###.## ####........<...#
#. ...# #####...........#
# ...###


You could see a gnoll.

Vanquished Creatures
  3 gnolls (D:2)
  2 adders (D:2)
  2 worms (D:2)
  A ball python (D:1)
  An endoplasm (D:1)
  4 goblins
  3 hobgoblins
  3 quokkas
  3 bats
  2 frilled lizards
  5 kobolds
  A rat (D:1)
30 creatures vanquished.

Notes
Turn   | Place    | Note
-------+----------+-------------------------------------------
     0 | D:1      | EnegeticOcto the Merfolk Warper began the quest for the
                  | Orb.
     0 | D:1      | Reached XP level 1. HP: 16/16 MP: 3/3
   139 | D:1      | Reached skill level 1 in Stealth
   368 | D:1      | Reached skill level 2 in Stealth
   368 | D:1      | Reached XP level 2. HP: 22/22 MP: 5/5
   708 | D:1      | Found a faded altar of an unknown god.
   721 | D:1      | Prayed at the altar of an unknown god.
   721 | D:1      | Became a worshipper of Trog the Wrathful
   721 | D:1      | Reached * piety under Trog
  1041 | D:2      | Reached skill level 3 in Stealth
  1101 | D:2      | Reached XP level 3. HP: 27/27 MP: 6/6
  1232 | D:2      | Reached skill level 4 in Polearms
  1247 | D:2      | Reached XP level 4. HP: 4/33 MP: 7/7
  1481 | D:2      | Reached skill level 5 in Polearms
  1491 | D:2      | HP: 1/33 [gnoll (8)]
  1494 | D:2      | Mangled by a gnoll

Illustrated notes

Levels and vault maps discovered:
D:1:      heliophobic_arrival_henge, layout_basic,
          shapermc_ecumenical_altar_notcrosses, hangedman_decor_riveting
D:2:      layout_rooms

Skill      XL: |  1  2  3  4 |
---------------+-------------+-----
Stealth        | 2 3 |  3.0
Polearms       | 4 5 |  5.3
Fighting       | |  2.1
Throwing       | |  1.0
Armour         | |  0.6
Dodging        | |  2.6
Spellcasting   | |  2.0
Translocations | |  2.4

Action                   |  1- 3 |  4- 6 || total
-------------------------+-------+-------++-------
Melee: Spear             |   107 |    15 ||   122
Throw: Stone             |    45 |     5 ||    50
Invok: Berserk           |     2 |     1 ||     3
  Use: Scroll            |       |     2 ||     2
       Potion            |       |     2 ||     2
 Stab: Sleeping          |     1 |       ||     1
Armor: Leather armour    |    21 |     2 ||    23
Dodge: Dodged            |    26 |     7 ||    33

Table legend: (Time is in decaauts)
 A = Elapsed time spent in this place.
 B = Non-inter-level travel time spent in this place.
 C = Inter-level travel time spent in this place.
 D = Time resting spent in this place.
 E = Time spent auto-exploring this place.
 F = Levels seen in this place.
 G = Mean time per level.
                   A        B        C        D        E       F      G
               +--------+--------+--------+--------+--------+-----+--------+
         Total |   1502 |   1461 |     41 |    331 |    720 |   2 |  751.0 |
       Dungeon |   1502 |   1461 |     41 |    331 |    720 |   2 |  751.0 |
               +--------+--------+--------+--------+--------+-----+--------+

Top non-repeatable levels by time:
     D:1: 908 daAuts
     D:2: 594 daAuts
